AoeStats
← Moist-bunny2

Black Forest

509774245Analyzed
4v4 RM · 5d ago on Sep 28, 2026· 52m 8s· 8 players
Game mode
Random Map
Map size
Large (8 player)
Population
200
Speed
Normal
Resources
Standard
Victory
Conquest
Starting age
Dark Age
Ending age
Imperial Age
RankedLock teamsTeams togetherTeam positionsShared explorationLock speedFull tech treeHidden civsTurbo modeCheats
Victory
Defeat
🇦🇷 Britons · Argentina
930
+12
🇻🇳 Khmer · Vietnam
883
+14
🇦🇺 Varangians · Australia
880
+14
🇦🇷 Danes · Argentina
808
+17
🇨🇱 Teutons · Chile
1000
-71
🇨🇱 Berbers · Chile
856
-41
🇨🇱 Aztecs · Chile
765
-28
🇨🇱 Spanish · Chile
695
-15
drogo
0:38 Loom
15:09 Feudal Age
16:10 Double-Bit Axe
19:09 Fletching
19:22 Man-at-Arms
19:48 Arson
20:17 Forging
22:51 Wheelbarrow
24:04 Horse Collar
27:38 Castle Age
26:29 Fishing Lines
26:46 Gold Mining
28:15 Long Swordsman
29:34 Bow Saw
29:21 Gambesons
29:36 Squires
30:48 Bodkin Arrow
31:06 Scale Barding Armor
31:03 Scale Mail Armor
31:34 Stone Mining
32:46 Iron Casting
32:27 Heavy Plow
36:24 Ballistics
36:13 Pikeman
39:06 Gold Shaft Mining
42:07 Imperial Age
39:28 Town Watch
40:02 Hand Cart
40:48 Gillnets
41:15 Hamask
41:37 Crossbowman
42:27 Thumb Ring
43:49 Siege Engineers
46:01 Chain Mail Armor
46:27 Conscription
46:50 Elite Varangian Guard
50:37 Chemistry
Moist-bunny2
0:44 Loom
11:54 Feudal Age
13:33 Double-Bit Axe
13:29 Horse Collar
19:03 Castle Age
18:56 Wheelbarrow
19:33 Gold Mining
19:33 Stone Mining
21:22 Bow Saw
26:10 Hand Cart
34:24 Imperial Age
32:33 Scale Barding Armor
33:01 Forging
33:04 Bloodlines
34:12 Husbandry
34:34 Chain Barding Armor
34:50 Iron Casting
35:04 Town Watch
36:06 Conscription
36:04 Caravan
37:15 Plate Barding Armor
37:39 Elite Jarl
39:23 Blast Furnace
43:20 Fletching
49:17 Cavalier
49:55 Bodkin Arrow
LE MINH NHAT
12:44 Feudal Age
17:55 Castle Age
17:16 Double-Bit Axe
17:48 Stone Mining
18:17 Gold Mining
19:12 Wheelbarrow
18:35 Fishing Lines
20:23 Bow Saw
20:30 Gillnets
23:13 Stone Shaft Mining
23:16 Gold Shaft Mining
24:53 Hand Cart
30:10 Imperial Age
28:47 Caravan
29:14 Horse Collar
31:34 Conscription
31:51 Conscription
31:54 Double Crossbow
32:56 Heavy Plow
33:38 Elite Ballista Elephant
35:02 Tusk Swords
35:09 Padded Archer Armor
34:59 Fletching
36:43 Leather Archer Armor
36:23 Bodkin Arrow
37:32 Chemistry
36:50 Bloodlines
36:41 Husbandry
38:28 Coinage
38:49 Crop Rotation
39:36 Ring Archer Armor
42:50 Bracer
iNeik
10:02 Feudal Age
13:45 Wheelbarrow
12:56 Town Watch
14:24 Horse Collar
14:31 Double-Bit Axe
14:40 Gold Mining
14:41 Stone Mining
20:43 Castle Age
21:29 Town Watch
22:39 Fletching
22:49 Padded Archer Armor
23:54 Bodkin Arrow
24:15 Leather Archer Armor
24:43 Gold Shaft Mining
24:34 Hand Cart
25:37 Town Patrol
26:49 Bow Saw
30:11 Ballistics
30:02 Masonry
29:47 Murder Holes
35:18 Imperial Age
35:23 Elite Longbowman
36:10 Bracer
36:41 Ring Archer Armor
37:51 Chemistry
37:22 Architecture
37:58 Yeomen
42:04 Warwolf
47:31 Loom
49:01 Two-Man Saw
51:39 Sanctity
51:16 Herbal Medicine
51:36 Fervor
51:30 Heavy Plow
51:45 Forging
51:35 Scale Mail Armor
51:41 Scale Barding Armor
52:37 Fortified Wall
52:38 Clinker Construction
52:39 Careening
52:22 Guard Tower
52:18 Arrowslits
52:24 Heated Shot
52:14 Treadmill Crane
52:40 Siege Engineers
Grove Cristian
11:31 Loom
13:34 Feudal Age
15:25 Double-Bit Axe
16:23 Horse Collar
24:38 Bloodlines
31:11 Castle Age
29:45 Forging
29:25 Fletching
30:34 Gold Mining
35:02 Light Cavalry
35:43 Husbandry
42:14 Elite Skirmisher
Maty
3:21 Loom
13:39 Feudal Age
14:08 Town Watch
16:30 Wheelbarrow
16:30 Forging
16:10 Horse Collar
16:39 Double-Bit Axe
25:52 Castle Age
24:55 Scale Mail Armor
26:18 Fletching
26:52 Hand Cart
26:39 Heavy Plow
26:56 Bow Saw
27:02 Squires
26:50 Eagle Warrior
27:28 Gold Mining
27:43 Town Patrol
28:49 Treadmill Crane
31:08 Arson
31:08 Pikeman
31:44 Stone Mining
32:43 Gambesons
34:26 Fervor
35:23 Iron Casting
36:05 Chain Mail Armor
39:05 Imperial Age
39:09 Padded Archer Armor
39:48 Gold Shaft Mining
39:51 Stone Shaft Mining
41:36 Murder Holes
43:22 Chemistry
42:10 Elite Eagle Warrior
43:57 Blast Furnace
44:28 Fortified Wall
44:43 Onager
47:36 Siege Engineers
50:01 Plate Mail Armor
teodoroau
12:52 Loom
15:03 Feudal Age
16:15 Double-Bit Axe
17:02 Scale Barding Armor
18:15 Wheelbarrow
17:31 Town Watch
19:10 Horse Collar
20:34 Scale Mail Armor
20:51 Forging
23:30 Castle Age
22:24 Stone Mining
23:29 Scale Mail Armor
26:19 Stone Shaft Mining
25:38 Gold Mining
26:21 Chain Barding Armor
30:16 Hand Cart
30:34 Pikeman
31:39 Bow Saw
33:32 Thumb Ring
38:21 Heavy Plow
40:20 Scale Mail Armor
40:56 Iron Casting
46:23 Husbandry
Cris117
1:21 Loom
11:01 Feudal Age
19:28 Wheelbarrow
21:35 Town Watch
22:14 Double-Bit Axe
23:16 Horse Collar
30:21 Castle Age
32:41 Gold Mining
32:42 Stone Mining
33:46 Scale Mail Armor
35:16 Hand Cart
39:43 Bow Saw
40:04 Scale Barding Armor
40:15 Chain Mail Armor
40:01 Padded Archer Armor
39:52 Fletching
40:13 Forging
40:32 Pikeman
Connection lost

Rejoining the realm…

Still unreachable

The connection could not be restored.

Session expired

The server has moved on; the page needs a fresh start.